 Dungeon Crawl Stone Soup version 0.27-a0-906-g0a00ce863d (webtiles) character file.

Game seed: 15621709950968493871

70 tilp the Sneak (level 4, 0/24 HPs)
             Began as a Vine Stalker Brigand on Apr 6, 2021.
             Slain by a gnoll
             ... wielding a +0 halberd
              (8 damage)
             ... on level 2 of the Dungeon.
             The game lasted 00:02:05 (1812 turns).

tilp the Sneak (Vine Stalker Brigand)               Turns: 1812, Time: 00:02:06

Health: 0/24       AC:  7    Str: 15    XL:     4   Next: 21%
Magic:  0/5        EV:  9    Int: 11    God:
Gold:   52         SH:  0    Dex: 15    Spells: 3/3 levels left

rFire    . . .     SeeInvis .   a - +2 dagger
rCold    . . .     Faith    .   (no shield)
rNeg     . . .     Spirit   +   j - +0 scale mail
rPois    .         Reflect  .   (no helmet)
rElec    .         Harm     .   c - +0 cloak
rCorr    .         Rampage  .   (no gloves)
Will     .....                  (no boots)
Stlth    ++........             (no amulet)
HPRegen  1.08/turn              (no ring)
MPRegen  0.09/turn              (no ring)

@: no status effects
A: fangs 2, regeneration 1, magic shield, antimagic bite, no potion heal 2
a: no special abilities


You were on level 2 of the Dungeon.
You visited 1 branch of the dungeon, and saw 2 of its levels.

You collected 52 gold pieces.

Inventory:

Hand Weapons
 a - a +2 dagger (weapon)
Missiles
 b - 7 silver boomerangs
 d - 8 poisoned darts (quivered)
 e - 2 curare-tipped darts
 h - 6 boomerangs
Armour
 c - a +0 cloak (worn)
 j - a +0 scale mail (worn)
Magical Staves
 i - a staff of poison
Scrolls
 f - a scroll of fog {unknown}
 g - a scroll of identify {unknown}
 l - a scroll of vulnerability {unknown}
 n - 2 scrolls of torment {unknown}
Potions
 k - a potion of flight {unknown}
 m - a potion of curing {unknown}


   Skills:
 + Level 3.0 Fighting
 + Level 3.0 Short Blades
 - Level 1.7 Throwing
 - Level 0.7 Dodging
 - Level 4.8 Stealth


You had 3 spell levels left.
You didn't know any spells.
Your spell library was empty.

Dungeon Overview and Level Annotations

Branches:
Dungeon (2/15)

Altars:


Innate Abilities, Weirdness & Mutations

You have extremely sharp teeth.
Your natural rate of healing is unusually fast.
When hurt, damage is shared between your health and your magic reserves.
Your bite disrupts and absorbs the magic of your enemies.
Potions cannot restore your health.


Message History

The giant cockroach closely misses you.
A giant cockroach is nearby!
You barely miss the giant cockroach.
You bite the giant cockroach, but do no damage.
The giant cockroach is almost dead.
The giant cockroach barely misses you.
You hit the giant cockroach.
You kill the giant cockroach!
No target in view!
d - 7 poisoned darts (gained 2)
d - 8 poisoned darts (gained 1)
A gnoll is nearby!
A gnoll is nearby!
A gnoll is nearby!
The gnoll closely misses you. The gnoll hits you with a +0 halberd.
You hit the gnoll but do no damage. Your bite misses the gnoll.
The gnoll hits you with a +0 halberd.
You hit the gnoll. Your bite misses the gnoll.
The gnoll is lightly wounded.
The gnoll hits you with a +0 halberd.
Your scale mail prevents you from hitting the gnoll.
Your bite misses the gnoll.
The gnoll is lightly wounded.
The gnoll hits you with a +0 halberd.
You are too injured to fight recklessly!
You are too injured to fight recklessly!
You hit the gnoll but do no damage. You bite the gnoll, but do no damage.
The gnoll is lightly wounded.
You hit the gnoll.
The gnoll is heavily wounded.
The gnoll closely misses you.
You completely miss the gnoll.
The gnoll is heavily wounded.
The gnoll hits you with a +0 halberd!
* * * LOW HITPOINT WARNING * * *
You hit the gnoll.
The gnoll is severely wounded.
The gnoll hits you with a +0 halberd!
You die...

## #. #.# ..#
.############. #.# ##..#
.##......... .##.##....#
.##.##########..........
.#..(.............#.#...
.#..####.##.............
.#..# #.......#........
>#..####..#.#..#..#.....
..........#.#...@.#.#...
##..####..#......g......
....<)....#.............
##..######....†.#.......
#..#.......#...........
#..#.####....#.#.#.#...#
#..#.####........#.#...#
#..#...................#
#..#######.............#


You could see a gnoll.

Vanquished Creatures
  4 gnolls
  A worm (D:2)
  2 dart slugs
  An endoplasm (D:1)
  A giant cockroach (D:2)
  2 goblins (D:1)
  3 hobgoblins (D:1)
  2 kobolds (D:1)
  A quokka (D:1)
  2 ball pythons
  3 bats
  A frilled lizard (D:1)
  4 rats (D:1)
27 creatures vanquished.

Notes
Turn   | Place    | Note
-------+----------+-------------------------------------------
     0 | D:1      | tilp the Vine Stalker Brigand began the quest for the Orb.
     0 | D:1      | Reached XP level 1. HP: 11/11 MP: 2/2
    55 | D:1      | Reached XP level 2. HP: 15/15 MP: 3/3
   122 | D:1      | Found a faded altar of an unknown god.
   856 | D:1      | Reached XP level 3. HP: 19/19 MP: 4/4
  1767 | D:2      | Gained mutation: Your natural rate of healing is unusually
                  | fast. [Vine Stalker growth]
  1767 | D:2      | Reached XP level 4. HP: 23/23 MP: 5/5
  1812 | D:2      | Slain by a gnoll

Illustrated notes

Levels and vault maps discovered:
D:1:      saegor_arrival_simple_b, layout_loops_corners,
          chequers_ecumenical_altar_simple, st_stairs_2
D:2:      layout_basic, uniq_natasha, uniq_jessica

Skill      XL: |  1  2  3  4 |
---------------+-------------+-----
Fighting       | 2 3 |  3.0
Short Blades   | 2 3 |  3.0
Throwing       | |  1.7
Dodging        | |  0.7
Stealth        | |  4.8

Action                   |  1- 3 |  4- 6 || total
-------------------------+-------+-------++-------
Melee: Dagger            |    71 |    17 ||    88
       Bite              |    22 |     4 ||    26
Throw: Dart              |     6 |       ||     6
 Stab: Sleeping          |     3 |       ||     3
Armor: Scale mail        |     9 |       ||     9
       Robe              |     2 |       ||     2
Dodge: Dodged            |    29 |     7 ||    36

Table legend: (Time is in decaauts)
 A = Elapsed time spent in this place.
 B = Non-inter-level travel time spent in this place.
 C = Inter-level travel time spent in this place.
 D = Time resting spent in this place.
 E = Time spent auto-exploring this place.
 F = Levels seen in this place.
 G = Mean time per level.
                   A        B        C        D        E       F      G
               +--------+--------+--------+--------+--------+-----+--------+
         Total |   1801 |   1717 |     84 |    226 |   1239 |   2 |  900.5 |
       Dungeon |   1801 |   1717 |     84 |    226 |   1239 |   2 |  900.5 |
               +--------+--------+--------+--------+--------+-----+--------+

Top non-repeatable levels by time:
     D:1: 1208 daAuts
     D:2: 592 daAuts
